 Dungeon Crawl Stone Soup version 0.22-a0-785-g6253c82ace (webtiles) character file.

1183 Htamos the Skirmisher (level 8, -7/83 HPs)
             Began as a Troll Wizard on July 20, 2018.
             Was a Priest of Cheibriados.
             Mangled by a two-headed ogre
             ... wielding a +0 dire flail
              (12 damage)
             ... on level 6 of the Dungeon.
             The game lasted 00:10:31 (5938 turns).

Htamos the Skirmisher (Troll Wizard)                Turns: 5938, Time: 00:10:33

Health: -7/83      AC:  6    Str: 22    XL:     8   Next: 19%
Magic:  5/10       EV: 12    Int: 20    God:    Cheibriados [***...]
Gold:   173        SH:  2    Dex: 16    Spells: 10/11 levels left

rFire    . . .     SeeInvis .   (no weapon)
rCold    . . .     Gourm    +   (no shield)
rNeg     . . .     Faith    .   a - +0 robe
rPois    .         Spirit   .   b - +0 hat
rElec    .         Reflect  +   o - +0 cloak
rCorr    .         Harm     .   (gloves unavailable)
MR       .....                  (boots unavailable)
Stlth    ++........             A - +2 amulet of reflection
HPRegen  0.63/turn              (no ring)
MPRegen  0.12/turn              (no ring)

@: very slow
A: large, unfitting armour, claws 3, fast metabolism 3, gourmand, regeneration
1, shaggy fur 1, tough skin 2
a: Bend Time, Temporal Distortion, Renounce Religion


You were on level 6 of the Dungeon.
You worshipped Cheibriados.
Cheibriados was most pleased with you.
You were very full.

You visited 1 branch of the dungeon, and saw 6 of its levels.

You collected 173 gold pieces.

Inventory:

Armour
 a - a +0 robe (worn)
 b - a +0 hat (worn)
 o - a +0 cloak (worn)
Jewellery
 h - an uncursed ring of protection from cold
 A - a +2 amulet of reflection (around neck)
Wands
 m - a wand of flame (9)
 n - a wand of random effects (33)
 u - a wand of disintegration (12)
 y - a wand of acid (2)
Scrolls
 c - 2 scrolls of immolation
 e - a scroll of identify
 g - 4 scrolls of remove curse
 i - 3 scrolls of enchant weapon {unknown}
 l - a scroll of amnesia
 r - 2 scrolls of fear {unknown}
 v - 3 scrolls of enchant armour {unknown}
 w - a scroll of magic mapping {unknown}
 z - 2 scrolls of teleportation {unknown}
Potions
 f - a potion of mutation {unknown}
 j - 2 potions of haste {unknown}
 k - a potion of invisibility {unknown}
 p - a potion of curing {unknown}
 q - a potion of cancellation {unknown}
 s - a potion of flight {unknown}
Comestibles
 d - 6 rations


   Skills:
 * Level 5.8 Fighting
 + Level 4.0 Dodging
 - Level 1.0 Stealth
 - Level 2.0 Spellcasting
 + Level 3.6 Conjurations
   Level 0.6 Summonings
   Level 0.6 Translocations


You had 10 spell levels left.
You knew the following spells:

 Your Spells              Type           Power        Failure   Level  Hunger
a - Magic Dart            Conj           ###.         3%          1    #......

Your spell library contained the following spells:

 Spells                   Type           Power        Failure   Level  Hunger
 Apportation              Tloc           #.....       12%         1    #......
 Conjure Flame            Conj/Fire      #.......     22%         3    ###....
 Slow                     Hex            #.......     24%         2    ##.....
 Mephitic Cloud           Conj/Pois/Air  #.......     28%         3    ###....
 Summon Small Mammal      Summ           #...         12%         1    #......
 Blink                    Tloc           N/A          19%         2    ##.....
 Animate Dead             Necr           N/A          83%         4    #####..
 Pain                     Necr           #...         16%         1    #......
 Animate Skeleton         Necr           N/A          16%         1    #......
 Vampiric Draining        Necr           #.........   43%         3    ###....
 Call Imp                 Summ           #.......     19%         2    ##.....
 Regeneration             Chrm/Necr      #.........   43%         3    ###....
 Confusing Touch          Hex            #.....       16%         1    #......


Dungeon Overview and Level Annotations

Branches:
Dungeon (6/15)             Temple (0/1) D:6

Altars:
Cheibriados
Dithmenos
Fedhas
Kikubaaqudgha
Okawaru
Qazlal
Wu Jian
Yredelemnul
The Shining One


Innate Abilities, Weirdness & Mutations

You are too large for most types of armour.
You have claws for hands.
Your metabolism is lightning-fast.
You like to eat raw meat.
Your natural rate of healing is unusually fast.
You are covered in fur. (AC +1)
You have very tough skin. (AC +2)


Message History

* * * LOW HITPOINT WARNING * * *
The two-headed ogre hits you but does no damage.
The two-headed ogre hits you with a giant spiked club!
* * * LOW HITPOINT WARNING * * *
The howler monkey hoots and howls with incredible vigour!
The howler monkey hoots and howls with incredible vigour!
The two-headed ogre hits you with a dire flail!!
* * * LOW HITPOINT WARNING * * *
The two-headed ogre barely misses you.
The howler monkey hoots and howls with incredible vigour!
Okay, then.
Okay, then.
The flow of time bends around you.
The two-headed ogre resists with some effort.
The howler monkey resists with some effort.
You feel slightly less full.
Cheibriados lowers the support of your attributes as your movement quickens.
You block the howler monkey's attack.
The two-headed ogre hits you with a dire flail!
You die...

..........####.##....##..#
...>................##..#
##......#............... #.
#......................
#...####.#.###.##..#.#..##..#
##........#.# #.##..#.#..##...
#.........#.###.##..#.#..###.#
##...................#.#.......
......[##....O@................
##...#.###.#.h##.###......###.#
.....)."......##.# #.......##.#
.........#.#..#### #.#.#.#+##.#
#....#.#.#.....#####.#.#......=
#.[....#.#.).......###)#.......
#......#.#.............##......
###.#.#.###..........###......
#...............#### #......


You could see a two-headed ogre and a howler monkey.

Vanquished Creatures
  A hungry ghost (D:6)
  A sky beast (D:6)
  A phantom (D:6)
  An ogre (D:4)
  A scorpion (D:4)
  A vampire bat (D:5)
  A bullfrog zombie (D:5)
  A hound (D:6)
  A jelly (D:6)
  A bullfrog skeleton (D:6)
  2 centaur skeletons
  3 orc priests
  Crazy Yiuf (D:2)
  Jessica (D:2)
  4 iguanas
  A worker ant (D:4)
  A worker ant zombie (D:6)
  Robin (D:3)
  3 gnolls (D:6)
  3 adders
  2 shadow imps (D:5)
  3 oozes
  2 adder skeletons
  An adder zombie (D:5)
  2 worms
  4 dart slugs
  2 leopard geckos
  13 orcs
  4 bat skeletons (D:5)
  A bat zombie (D:5)
  3 giant cockroaches
  11 goblins
  6 hobgoblins
  12 jackals
  3 quokkas
  3 ball pythons
  11 bats
  6 frilled lizards
  2 jackal skeletons
  A jackal zombie (D:5)
  10 kobolds
  8 rats
140 creatures vanquished.

Notes
Turn   | Place    | Note
-------+----------+-------------------------------------------
     0 | D:1      | Htamos the Troll Wizard began the quest for the Orb.
     0 | D:1      | Reached XP level 1. HP: 16/16 MP: 2/2
    47 | D:1      | Reached skill level 1 in Fighting
    47 | D:1      | Reached skill level 1 in Conjurations
    49 | D:1      | Reached XP level 2. HP: 27/27 MP: 4/4
   753 | D:2      | Found an iron altar of Okawaru.
   931 | D:2      | Found a stormy altar of Qazlal.
   938 | D:2      | Reached XP level 3. HP: 32/35 MP: 0/5
  1005 | D:2      | Noticed Jessica
  1019 | D:2      | Killed Jessica
  1019 | D:2      | Reached skill level 2 in Fighting
  1182 | D:2      | Reached XP level 4. HP: 19/42 MP: 0/6
  1451 | D:2      | Found a blossoming altar of Fedhas.
  1488 | D:2      | Found a runed door.
  1926 | D:2      | Noticed Crazy Yiuf
  1933 | D:2      | Killed Crazy Yiuf
  2093 | D:3      | Found a snail-covered altar of Cheibriados.
  2101 | D:3      | Became a worshipper of Cheibriados the Contemplative
  2176 | D:3      | Reached XP level 5. HP: 44/52 MP: 2/7
  2183 | D:3      | Reached skill level 3 in Fighting
  2768 | D:3      | You fall through a shaft for 3 floors!
  2776 | D:6      | Reached * piety under Cheibriados
  2777 | D:6      | Noticed a sky beast
  2811 | D:6      | Killed a sky beast
  2811 | D:6      | Reached XP level 6. HP: 27/62 MP: 3/8
  3043 | D:5      | Entered Level 5 of the Dungeon
  3093 | D:4      | Reached skill level 4 in Fighting
  3140 | D:4      | Found an ornate altar of the Wu Jian Council.
  3189 | D:4      | Reached XP level 7. HP: 31/71 MP: 9/9
  3313 | D:4      | Found a snail-covered altar of Cheibriados.
  3586 | D:4      | Found a basalt altar of Yredelemnul.
  3643 | D:4      | Found a glowing golden altar of the Shining One.
  3772 | D:4      | Found a shadowy altar of Dithmenos.
  4054 | D:4      | Found a blossoming altar of Fedhas.
  4116 | D:4      | Noticed an angel
  4636 | D:3      | Noticed Robin
  4658 | D:3      | Killed Robin
  4793 | D:3      | Reached ** piety under Cheibriados
  5202 | D:5      | Found an ancient bone altar of Kikubaaqudgha.
  5204 | D:5      | Reached skill level 5 in Fighting
  5691 | D:6      | Noticed a hungry ghost
  5718 | D:6      | Killed a hungry ghost
  5718 | D:6      | Reached XP level 8. HP: 79/81 MP: 10/10
  5764 | D:6      | Reached *** piety under Cheibriados
  5858 | D:6      | Found a staircase to the Ecumenical Temple.
  5926 | D:6      | Noticed a two-headed ogre
  5937 | D:6      | HP: 4/83 [two-headed ogre/dire flail (19)]
  5938 | D:6      | Mangled by a two-headed ogre

Vault maps used:
D:1:      moated_graveyard_arrival
D:2:      nicolae_overflow_crystal_walls, old_standard_altar, first_ration,
          lemuel_statue_altar, uniq_jessica, uniq_crazy_yiuf_cottage
D:3:      cheibrodos_sewer_entry_bend, kennysheep_slug_shrine, uniq_robin
D:4:      grunt_temple_overflow_holy_war, kennysheep_little_box,
          kennysheep_mini, lemuel_doored_altar, fedhas_altar_4
D:5:      kennysheep_vampire_church
D:6:      minmay_temple_entry_glass, serial_shops, nicolae_shop_waterfront,
          minmay_unpleasant_kobolds

Skill      XL: |  1  2  3  4  5  6  7  8 |
---------------+-------------------------+-----
Fighting       | 1 2 3 4 5 |  5.8
Conjurations   | 1 2 3 |  3.6
Dodging        | 2 3 4 |  4.0
Stealth        | |  1.0
Spellcasting   | |  2.0
Summonings     | |  0.6
Translocations | |  0.6

Action                   |  1- 3 |  4- 6 |  7- 9 || total
-------------------------+-------+-------+-------++-------
Melee: Unarmed           |    73 |   149 |   277 ||   499
 Cast: Magic Dart        |    50 |    88 |       ||   138
Invok: Bend Time         |       |       |     3 ||     3
  Use: Scroll            |       |     5 |     3 ||     8
       Potion            |       |     5 |     1 ||     6
 Stab: Sleeping          |       |       |     4 ||     4
  Eat: Chunk             |    17 |    20 |    20 ||    57
       Ration            |       |       |     1 ||     1
Armor: Robe              |    37 |    37 |   102 ||   176
Dodge: Dodged            |    44 |    70 |   197 ||   311
Block: Other             |       |       |     6 ||     6

Table legend:
 A = Spawn XP
 B = Non-spawn XP
 C = Spawn XP percentage of total XP
 D = Spawn monster count
 E = Non-spawn monster count
 F = Spawn count percentage of total count
 G = Total turns spent on level
                    A         B        C        D         E        F      G
               +---------+---------+-------+---------+---------+-------+---------
         Total |       0 |    1691 |   0.0 |       0 |     140 |   0.0 |  5938
               +---------+---------+-------+---------+---------+-------+---------
           D:1 |       0 |      30 |   0.0 |       0 |      20 |   0.0 |   689
           D:2 |       0 |     125 |   0.0 |       0 |      20 |   0.0 |  1314
           D:3 |       0 |     209 |   0.0 |       0 |      40 |   0.0 |  1553
           D:4 |       0 |     321 |   0.0 |       0 |      16 |   0.0 |  1102
           D:5 |       0 |     271 |   0.0 |       0 |      18 |   0.0 |   521
           D:6 |       0 |     735 |   0.0 |       0 |      26 |   0.0 |   759
               +---------+---------+-------+---------+---------+-------+---------
